 Dungeon Crawl Stone Soup version 0.31-a0-185-g9dded2c639 (webtiles) character file.

Game seed: 10954177262504205063

109 qw the Skirmisher (level 4, -3/25 HPs)
             Began as a Deep Elf Hunter on June 22, 2023.
             Slain by a gnoll
             ... wielding a +0 spear
              (9 damage)
             ... on level 3 of the Dungeon.
             The game lasted 00:00:41 (1400 turns).

qw the Skirmisher (Deep Elf Hunter)                 Turns: 1400, Time: 00:00:42

Health: -3/25      AC:  5    Str: 10    XL:     4   Next: 60%
Magic:  6/6        EV: 16    Int: 14    God:
Gold:   91         SH:  0    Dex: 18    Spells: 3/3 levels left

rFire   . . .        Y - +3 shortbow
rCold   . . .        (shield currently unavailable)
rNeg    . . .        i - +0 ring mail
rPois   .            (no helmet)
rElec   .            (no cloak)
rCorr   .            (no gloves)
SInv    +            (no boots)
Will    .....        l - amulet of the acrobat
Stlth   +            h - ring of see invisible
HPRegen 0.24/turn    j - +5 ring of evasion
MPRegen 0.10/turn

%: acrobat
@: about to teleport
A: no striking features
a: no special abilities


You were on level 3 of the Dungeon.
You visited 1 branch of the dungeon, and saw 3 of its levels.

You collected 91 gold pieces.


   Skills:
 - Level 1.5 Fighting
 + Level 8.0 Ranged Weapons
 - Level 2.4 Dodging
 - Level 1.2 Stealth


You had 3 spell levels left.
You didn't know any spells.
Your spell library was empty.

Inventory:

Hand Weapons
 Y - a +3 shortbow (weapon)
Armour
 i - a +0 ring mail (worn)
Jewellery
 c - a ring of resist corrosion
 h - a ring of see invisible (left hand)
 j - a +5 ring of evasion (right hand)
 l - an amulet of the acrobat (around neck)
Scrolls
 a - a scroll of identify
 d - a scroll of noise {unknown}
 f - a scroll of revelation {unknown}
 k - a scroll of silence {unknown}
Potions
 e - 2 potions of heal wounds
 g - a potion of curing

Dungeon Overview and Level Annotations

Branches:
Dungeon (3/15)

Altars:


Message History

You shoot an arrow. The gnoll shouts!
The arrow hits the orc!
You kill the orc!
You shoot an arrow. The arrow barely misses the gnoll.
You shoot an arrow. The arrow hits the gnoll.
The gnoll is severely wounded.
You shoot an arrow. The arrow barely misses the gnoll.
You shoot an arrow. The arrow hits the gnoll.
The gnoll is almost dead.
The gnoll hits you with a +0 flail! The gnoll misses you.
The gnoll barely misses you.
Something unseen opens the door.
You shoot an arrow. The arrow hits the gnoll.
You kill the gnoll!
The gnoll hits you from afar with a +0 spear.
The gnoll misses you.
You shoot an arrow. The arrow hits the gnoll.
The gnoll is heavily wounded.
The gnoll misses you. The gnoll completely misses you.
You shoot an arrow. The arrow hits the gnoll.
You kill the gnoll!
The gnoll completely misses you. The gnoll barely misses you.
Your Ranged Weapons skill increases to level 8!
You shoot an arrow.
The arrow hits the gnoll but does no damage.
The gnoll hits you from afar with a +0 spear.
The gnoll hits you but does no damage.
You shoot an arrow. The arrow hits the gnoll.
The gnoll is moderately wounded.
The gnoll barely misses you. The gnoll misses you.
You shoot an arrow. The arrow hits the gnoll.
The gnoll is heavily wounded.
The gnoll hits you but does no damage. The gnoll misses you.
The gnoll completely misses you.
The gnoll hits you from afar with a +0 spear.
1400 ||| READING scroll of teleportation.
As you read the scroll of teleportation, it crumbles to dust.
You feel strangely unstable.
The gnoll hits you from afar with a +0 spear!
You die...

#.#######.#.# +#
..........#.## .##
...
..#########..##..+
... .
..##...........##
.. ..
..##.#########..#
.. ... ..##<#
#######..##. )...
..##.# ..........'
..... ..##.#
......#.#.#g.....
####.#
......#..@)g.#
...#.# .....
####)#..... ##.#.#
##### .......
#%#|###### .#... .
##..........
##.....
.'......>... ....
##.......... ...
..:.......#. ...
#########.#


You could see 2 gnolls.

Vanquished Creatures
  2 adders (D:2)
  3 gnolls
  4 dart slugs
  An orc (D:3)
  6 ball pythons
  6 endoplasms
  2 giant cockroaches (D:1)
  4 goblins
  7 hobgoblins
  3 jackals (D:1)
  4 kobolds
  A quokka (D:1)
  2 bats
  2 frilled lizards (D:2)
  2 rats
49 creatures vanquished.

Notes
Turn   | Place    | Note
-------+----------+-------------------------------------------
     0 | D:1      | qw the Deep Elf Hunter began the quest for the Orb.
     0 | D:1      | Reached XP level 1. HP: 12/12 MP: 3/3
     0 | D:1      | 0 ||| qw: Version: 0.3-a-9-g12657ce
     0 | D:1      | 0 ||| qw: Game counter: 1866
     0 | D:1      | 0 ||| qw: Always use a shield: true
     0 | D:1      | 0 ||| qw: God list: Okawaru
     0 | D:1      | 0 ||| qw: Allow faded altars: false
     0 | D:1      | 0 ||| qw: Do Orc after D:15 true
     0 | D:1      | 0 ||| qw: Do second Lair branch before Depths: true
     0 | D:1      | 0 ||| qw: Lair rune preference: random
     0 | D:1      | 0 ||| qw: Plans: Normal
     0 | D:1      | 0 ||| PLANNING D:1-11
    80 | D:1      | Reached XP level 2. HP: 16/16 MP: 4/4
    83 | D:1      | Reached skill level 6 in Ranged Weapons
   292 | D:1      | 292 ||| READING 2 scrolls labelled IRARCH PUHOA.
   293 | D:1      | 293 ||| DROPPING scroll of butterflies.
   447 | D:1      | Reached XP level 3. HP: 20/20 MP: 5/5
   565 | D:1      | 565 ||| FLEEEEING.
   704 | D:1      | 704 ||| UPGRADING to ring of see invisible.
   705 | D:1      | 705 ||| READING 3 scrolls labelled GUORODGHEXOI.
   706 | D:1      | 706 ||| READING 2 scrolls of enchant weapon.
   706 | D:1      | 706 ||| ENCHANTING +1 shortbow.
   707 | D:1      | 707 ||| READING scroll of enchant weapon.
   707 | D:1      | 707 ||| ENCHANTING +2 shortbow.
   708 | D:1      | 708 ||| DRINKING 2 bubbling green potions.
   738 | D:2      | Found a faded altar of an unknown god.
   742 | D:2      | 742 ||| STAIRDANCE
   748 | D:1      | Reached skill level 7 in Ranged Weapons
  1012 | D:2      | Reached XP level 4. HP: 21/25 MP: 6/6
  1231 | D:2      | 1231 ||| UPGRADING to +0 ring mail.
  1241 | D:2      | 1241 ||| DROPPING +0 leather armour.
  1242 | D:2      | 1242 ||| UPGRADING to amulet of the acrobat.
  1247 | D:2      | 1247 ||| UPGRADING to +5 ring of evasion.
  1248 | D:2      | 1248 ||| DROPPING ring of wizardry.
  1249 | D:2      | 1249 ||| READING 2 scrolls labelled RAUZXI FOOTIO.
  1254 | D:2      | 1254 ||| READING scroll labelled YCUTIWK FANUC.
  1255 | D:2      | 1255 ||| READING scroll labelled DEQEAK GAZOQAE.
  1256 | D:2      | 1256 ||| DRINKING 2 ruby potions.
  1257 | D:2      | 1257 ||| DRINKING 2 emerald potions.
  1258 | D:2      | 1258 ||| READING 2 scrolls of identify.
  1258 | D:2      | 1258 ||| IDENTIFYING amethyst potion
  1259 | D:2      | 1259 ||| DROPPING potion of lignification.
  1260 | D:2      | 1260 ||| DROPPING potion of brilliance.
  1397 | D:3      | Reached skill level 8 in Ranged Weapons
  1399 | D:3      | HP: 6/25 [gnoll/+0 spear (1)]
  1400 | D:3      | 1400 ||| READING scroll of teleportation.
  1400 | D:3      | Slain by a gnoll

Levels and vault maps discovered:
D:1:      saegor_arrival_under_anarchy, layout_basic, serial_forest,
          infiniplex_forest_zigzag_2, infiniplex_forest_lined_3,
          infiniplex_forest_straight_3, infiniplex_forest_zigzag_1,
          infiniplex_forest_straight_5, infiniplex_forest_lined_corner,
          minivault_14, minmay_tetromino_l4
D:2:      layout_rooms, nicolae_ecumenical_pavilion, kennysheep_generic_room_16
D:3:      layout_basic, uniq_natasha

Skill      XL: |  1  2  3  4 |
---------------+-------------+-----
Ranged Weapons | 6 7 8 |  8.0
Fighting       | |  1.5
Dodging        | |  2.4
Stealth        | |  1.2

Action                     |  1- 3 |  4- 6 || total
---------------------------+-------+-------++-------
   Fire: Shortbow          |    95 |    35 ||   130
    Use: Scroll            |     4 |     5 ||     9
         Potion            |     1 |     2 ||     3
 Armour: Leather armour    |     6 |     3 ||     9
         Ring mail         |       |     4 ||     4
  Dodge: Dodged            |    21 |    14 ||    35

Table legend:
 A = Non-vault XP
 B = Vault XP
 C = Vault XP percentage of total XP
 D = Non-vault monster count
 E = Vault monster count
 F = Vault count percentage of total count
                 A         B        C        D         E       F
            +---------+---------+-------+---------+---------+-------
      Total |     139 |      18 |  11.5 |      46 |       3 |   6.1
            +---------+---------+-------+---------+---------+-------
        D:1 |      58 |       4 |   6.5 |      22 |       2 |   8.3
        D:2 |      42 |      14 |  25.0 |      17 |       1 |   5.6
        D:3 |      39 |       0 |   0.0 |       7 |       0 |   0.0
            +---------+---------+-------+---------+---------+-------
